Unix NetHack Version 5.0.0-0 post-release - last build May  4 2026 22:22:43 (774f63e81ad911689b3a0859ea89b322d5daca8d,branch:main).

Game began 2026-05-08 14:35:01, ended 2026-05-08 22:49:29.

BilldaCat, neutral male human Wizard

 ------------            ----.-----------
 |..........|            |..............|
 |........<.|            |....|.........|
 |..........%#*###**#*###|..............-#
 |..%.......|            .--.-.----------[
 ---.--------             # ###          #
    #                      ###          ##
    #                       #          #@
    #                                 #a
    #                                 #
    #
    #               --------.-----
    #               |............|
  --|--         ####.............|
  |...|         #   |............|
  |...|   #######   |............|
  |....####         --------------
  -----

BilldaCat the Thaumaturge  St:7 Dx:11 Co:14 In:18 Wi:11 Ch:11  Neutral
Dlvl:8  $:274 HP:0(48) Pw:4(63) AC:9  Xp:7 T:2044 

Latest messages:
 The quasit's sting was poisoned!
 The quasit bites!
 The quasit hits!
 The quasit's sting was poisoned!
 Your muscles won't obey you!
 The quasit hits again!
 The quasit's sting was poisoned!
 The quasit bites!
 In what direction? 3
 The spell misses the quasit.
 The quasit hits!
 The quasit hits again!
 The quasit bites!
 In what direction? 3
 The spell hits the quasit!
 You kill the quasit!
 A potion of object detection shatters!
 You smell a peculiar odor...
 You stop waiting.
 You are almost hit by a poisoned crude arrow.
 You are almost hit by a poisoned crude arrow.
 The Uruk-hai picks up 2 poisoned crude arrows.
 In what direction? 4
 The spell hits the Uruk-hai!
 You kill the Uruk-hai!
 The spell hits the Uruk-hai!
 The Uruk-hai picks up a crude bow.
 The Uruk-hai picks up 6 poisoned crude arrows.
 The Uruk-hai picks up a shield.
 The Uruk-hai puts on a shield.
 The hobgoblin thrusts his crude dagger.
 The hobgoblin hits!
 The hobgoblin thrusts his crude dagger.
 The hobgoblin hits!
 The Uruk-hai picks up 2 poisoned crude arrows.
 You hit the hobgoblin.
 The hobgoblin thrusts his crude dagger.
 The hobgoblin hits!
 You kill the hobgoblin!
 The giant ant bites!
 You miss the giant ant.
 The giant ant bites!
 The giant ant bites!
 You miss the giant ant.
 The giant ant bites!
 Are you sure you want to pray? [yn] (n) y
 You begin praying to Thoth.
 The giant ant bites!
 You die...
 Do you want your possessions identified? [ynq] (y) q

Inventory:
 Coins    ('$')
  $ - 274 gold pieces
 Weapons  (')')
  a - a blessed +1 quarterstaff (weapon in hands)
 Armor    ('[')
  b - an uncursed +0 cloak of magic resistance (being worn)
 Comestibles  ('%')
  O - an uncursed food ration
  B - an uncursed fortune cookie
  z - a cursed rotten tin of newt meat
  D - 2 uncursed eggs
 Scrolls  ('?')
  K - a blessed scroll of blank paper
  L - 2 cursed scrolls of blank paper
  N - an uncursed scroll of earth
  k - an uncursed scroll of identify
  h - a blessed scroll of scare monster
  j - 2 uncursed scrolls of scare monster
  i - 2 uncursed scrolls of teleportation
 Spellbooks  ('+')
  p - an uncursed spellbook of blank paper
  A - an uncursed spellbook of chain lightning
  m - an uncursed spellbook of confuse monster
  l - a blessed spellbook of force bolt
  t - an uncursed spellbook of healing
 Potions  ('!')
  w - a cursed potion of hallucination
  r - a blessed potion of healing
  f - an uncursed potion of levitation
  C - an uncursed potion of object detection
  g - an uncursed potion of see invisible
 Rings    ('=')
  e - an uncursed ring of polymorph control
  d - an uncursed ring of protection from shape changers (on left hand)
 Wands    ('/')
  u - a wand of digging (0:2)
  v - a wand of magic missile (0:0)
 Tools    ('(')
  M - an uncursed wooden harp
  o - an uncursed blindfold
  n - a magic marker (0:19)
  J - an uncursed oil lamp (lit)
 Gems/Stones  ('*')
  E - an uncursed citrine stone
  q - an uncursed worthless piece of violet glass
  P - an uncursed worthless piece of yellow glass
  F - an uncursed worthless piece of yellowish brown glass

BilldaCat the Wizard's attributes:

Background:
 You were a Thaumaturge, a level 7 male human Wizard.
 You were neutral, on a mission for Thoth
 who was opposed by Ptah (lawful) and Anhur (chaotic).
 You were right-handed.
 You were in the Dungeons of Doom, on level 8.
 You entered the dungeon 2044 turns ago.
 It was nighttime.
 You had 762 experience points, 518 more were needed to attain level 8.

Basics:
 You had 0 out of 48 hit points.
 You had 4 out of 63 energy points (spell power).
 Your armor class was 9.
 Your wallet contained 274 zorkmids.
 Autopickup was on for '$"?!/=' plus thrown, with exceptions.

Final Characteristics:
 Your strength was 7 (peak:9, limit:18/100).
 Your dexterity was 11 (peak:15, limit:18).
 Your constitution was 14 (limit:18).
 Your intelligence was 18 (limit:18).
 Your wisdom was 11 (limit:18).
 Your charisma was 11 (limit:18).

Final Status:
 You weren't hungry.
 You were unencumbered.
 You were wielding a quarterstaff.
 You had basic skill with quarterstaff and could have enhanced that.

Final Attributes:
 You were piously aligned.
 You were magic-protected.
 You were warded.
 You were protected from shape changers.
 You are dead.

Miscellaneous:
 You didn't encounter any bones levels.
 Total elapsed playing time was 13 minutes and 6 seconds.

Major events:
 Turn
    1: BilldaCat the neutral male human Wizard entered the dungeon
  763: entered the Gnomish Mines
  781: reached Mine Town
  797: attained the rank of Conjurer (level 3)
 1307: attained the rank of Thaumaturge (level 6)
 2044: killed by a giant ant, while praying

Spells:
 Name                 Level Category     Fail Retention
 force bolt             1   attack         0%   81%-90%
 confuse monster        1   enchantment    0%   81%-90%

Skills:
 Fighting Skills
   bare handed combat [Unskilled]
   riding             [Unskilled]
 Weapon Skills
   dagger             [Unskilled]
   knife              [Unskilled]
   axe                [Unskilled]
   short sword        [Unskilled]
   club               [Unskilled]
   mace               [Unskilled]
   quarterstaff       [Basic]
   polearms           [Unskilled]
   spear              [Unskilled]
   trident            [Unskilled]
   sling              [Unskilled]
   dart               [Unskilled]
   shuriken           [Unskilled]
 Spellcasting Skills
   attack spells      [Basic]
   healing spells     [Unskilled]
   divination spells  [Unskilled]
   enchantment spells [Basic]
   clerical spells    [Unskilled]
   escape spells      [Unskilled]
   matter spells      [Unskilled]

Voluntary challenges:
 Character rerolling was not enabled.
 You never genocided any monsters.
 You never polymorphed an object.
 You never changed form.
 You used no wishes.
Achievements:
 You entered the Gnomish Mines.
 You entered Minetown.
 You attained the rank of Conjurer.
 You entered a temple.
 You entered a shop.
 You attained the rank of Thaumaturge.

 The Dungeons of Doom: levels 1 to 8
    Level 1:
       A fountain.
    Level 2:
       A fountain.
    Level 3:
    Level 4:
       A fountain.
       Stairs down to The Gnomish Mines.
    Level 5:
    Level 6:
       A food shop.
    Level 7:
       Many fountains.
       Oracle of Delphi.
    Level 8: <- You were here.
       A grave.
       Final resting place for
          you, killed by a giant ant, while praying.
 The Gnomish Mines: levels 5 to 7
    Level 5:
    Level 6:
    Level 7:
       Many shops, a temple and an altar, some fountains.


Vanquished creatures:
  4 small mimics
  a raven
  a bugbear
  a quasit
  2 Mordor orcs
  8 Uruk-hai
  a rock mole
  a yellow light
  3 gnome leaders
  2 gnomish wizards
  a straw golem
  a paper golem
  6 dwarves
  a giant bat
 an acid blob
  2 coyotes
  2 gas spores
  a hobbit
  a hobgoblin
 15 gnomes
  2 garter snakes
  2 geckos
  3 jackals
  a fox
  2 kobolds
  a goblin
  4 grid bugs
  a kobold zombie
  2 newts
73 creatures vanquished.

No species were genocided or became extinct.

Game over:
                       ----------
                      /          \
                     /    REST    \
                    /      IN      \
                   /     PEACE      \
                  /                  \
                  |    BilldaCat     |
                  |      274 Au      |
                  |   killed by a    |
                  |    giant ant     |
                  |                  |
                  |                  |
                  |       2026       |
                 *|     *  *  *      | *
        _________)/\\_//(\/(/\)/\//\/|_)_______

Goodbye BilldaCat the Wizard...

You died in The Dungeons of Doom on dungeon level 8 with 3655 points,
and 274 pieces of gold, after 2044 moves.
You were level 7 with a maximum of 48 hit points when you died.

